Map: Beckett Industries LE

Players

KingCobra

  • Race: Protoss Protoss

HeroMarine - Winner!

  • Race: Terran Terran

Event: DreamHack SC2 Masters 2021 Winter

VOD

Have the link to the VOD?

Description

Time

  • Played on: Oct. 9, 2021, 1:21 p.m.
  • Length: 8:18

All games in this series

Show
View Real Time Build Order
Export as new Build Order

KingCobra Protoss 

Build Orders: Mass Adepts, Proxy Void Ray 

Get SALT Encoding   

  12  0:00  Probe  
  13  0:12  Probe  
  14  0:17  Pylon  
  14  0:24  Probe  
  15  0:35  Gateway  
  15  0:37  Probe (Chrono Boost)  
  16  0:46  Assimilator, Probe (Chrono Boost)  
  17  0:51  Probe (Chrono Boost)  
  17  0:56  Assimilator  
  18  1:03  Probe  
  19  1:12  Pylon  
  19  1:15  Probe  
  20  1:22  Cybernetics Core  
  22  1:25  Zealot  
  22  1:28  Probe  
  23  1:40  Probe  
  24  1:53  Probe  
  25  1:58  Adept (Chrono Boost)  
  25  2:00  Stargate  
  27  2:01  Warp Gate  
  27  2:10  Gateway  
  27  2:19  Pylon  
  27  2:22  Adept  
  29  2:36  Void Ray (Chrono Boost)  
  29  2:48  Pylon  
  33  3:04  Void Ray (Chrono Boost)  
  33  3:07  Shield Battery  
  33  3:09  Gateway  
  37  3:22  Shield Battery  
  37  3:24  Pylon  
  37  3:34  Void Ray  
  41  3:55  Adept  
  41  3:56  Adept  
  45  4:09  Adept  
  47  4:11  Void Ray (Chrono Boost)  
  47  4:12  Pylon  
  47  4:22  Adept  
  53  4:36  Adept x2  
  57  4:52  Adept  
  57  4:56  Adept x2  
  45  5:18  Adept x3  
  41  5:24  Void Ray (Chrono Boost)  
  41  5:26  Shield Battery  
  45  5:40  Shield Battery  
  45  5:52  Adept  
  45  5:53  Adept  
  49  6:03  Adept  
  51  6:08  Shield Battery  
  51  6:15  Void Ray (Chrono Boost)  
  55  6:30  Pylon  
  55  6:39  Sentry  
  53  6:41  Stalker  
  53  6:44  Stalker  
  57  7:07  Stalker x2  
  61  7:08  Stalker  
  63  7:30  Zealot x2  
  63  7:32  Zealot  
  31  8:02  Stalker x2  
  31  8:03  Stalker  
Show
View Real Time Build Order
Export as new Build Order

HeroMarine Terran - Winner!

Build Orders: Cyclone Opening 

Get SALT Encoding   

  12  0:00  SCV  
  13  0:12  SCV  
  14  0:17  Supply Depot  
  14  0:24  SCV  
  15  0:38  SCV  
  15  0:40  Barracks  
  16  0:44  Refinery  
  16  0:50  SCV  
  16  0:53  Refinery  
  17  1:03  SCV  
  18  1:15  SCV  
  19  1:26  Barracks Reactor  
  19  1:27  Orbital Command  
  19  1:28  Supply Depot  
  19  1:42  Factory  
  19  1:53  SCV  
  20  2:02  Marine x2  
  20  2:05  SCV  
  23  2:17  SCV  
  23  2:20  Marine x2  
  26  2:26  Factory Tech Lab  
  26  2:37  Supply Depot  
  26  2:38  Bunker, Marine x2  
  27  2:44  Cyclone  
  27  2:47  Mag-Field Accelerator  
  30  2:54  SCV  
  31  3:00  Marine x2  
  33  3:07  Starport  
  34  3:17  Cyclone  
  36  3:20  Marine  
  36  3:22  Marine  
  38  3:28  Supply Depot  
  39  3:38  Supply Depot  
  38  3:50  Medivac  
  38  3:52  Cyclone  
  43  4:00  Marine x2  
  45  4:14  Supply Depot  
  45  4:18  Marine x2  
  45  4:20  Viking  
  49  4:28  Cyclone  
  52  4:39  Marine x2  
  54  5:13  Marine x2  
  47  5:18  Viking  
  47  5:27  Supply Depot  
  46  5:31  Marine  
  47  5:40  Command Center  
  47  5:41  Bunker  
  47  5:49  SCV, Siege Tank, Viking  
  53  5:52  Marine x2  
  52  6:01  SCV  
  53  6:09  Marine  
  55  6:14  Marine  
  54  6:25  Viking  
  55  6:26  Cyclone  
  55  6:32  SCV  
  59  6:44  Supply Depot, SCV  
  59  6:45  Marine  
  61  6:58  Cyclone  
  64  7:07  Viking  
  66  7:09  Marine  
  67  7:19  Orbital Command  
  67  7:26  SCV  
  68  7:37  Barracks Reactor  
  71  7:38  Siege Tank  
  71  7:43  SCV  
  44  8:00  SCV  
  44  8:01  SCV  

Tags
 
Add a new tag
Caveats
  • Supply blocks, unpowered buildings, or Contaminate may cause inaccurate times.
  • Supply counts are checked every 10 seconds.